 Dungeon Crawl Stone Soup version 0.15.2 (webtiles) character file.

21093 glosham the Fighter (level 12, -1/139 HPs)
             Began as an Ogre Arcane Marksman on Apr 9, 2017.
             Was a High Priest of Okawaru.
             Slain by a blink frog (14 damage)
             ... on Level 4 of the Lair of Beasts on Apr 10, 2017.
             The game lasted 04:52:23 (12726 turns).

glosham the Fighter (Ogre Arcane Marksman)         Turns: 12726, Time: 04:52:24

HP  -1/139       AC 13     Str 19      XL: 12   Next: 86%
MP  26/26        EV 13     Int 12      God: Okawaru [*****.]
Gold 392         SH  0     Dex 18      Spells:  6 memorised, 11 levels left

rFire  + . .     SeeInvis .     a - +4 great mace (protect)
rCold  . . .     Clarity  .     X - +2 robe {rF+}
rNeg   . . .     rCorr    .     (shield restricted)
rPois  .         rRot     .     W - +2 hat
rElec  .         Spirit   .     Y - +0 cloak
SustAb .         Warding  .     (gloves unavailable)
rMut   .         Stasis   +     (boots unavailable)
Gourm  .                        z - amulet of stasis
MR     +....                    B - ring of regeneration
                                A - +5 ring of dexterity

@: repel missiles, somewhat resistant to hostile enchantments, unstealthy
A: unfitting armour, tough skin 1
a: Heroism, Finesse, Renounce Religion


You were on level 4 of the Lair of Beasts.
You worshipped Okawaru.
Okawaru was extremely pleased with you.
You were full.

You visited 2 branches of the dungeon, and saw 16 of its levels.
You also visited: Labyrinth.

You collected 926 gold pieces.
You spent 534 gold pieces at shops.

Inventory:

Hand weapons
 a - a +4 great mace of protection (weapon)
 b - a +2 giant spiked club
 c - a +6 blowgun
Missiles
 d - 12 large rocks (quivered)
 e - 2 tomahawks
 w - 486 stones
 x - 3 poisoned javelins
 C - 24 poisoned needles
 D - 8 curare-tipped needles
 E - 3 needles of sleeping
 H - 2 throwing nets
Armour
 M - a +0 robe of magic resistance
 W - a +2 hat (worn)
 X - a +2 robe of fire resistance (worn)
 Y - a +0 cloak (worn)
Magical devices
 f - a wand of fire (6)
 g - a wand of heal wounds (9)
 h - a wand of teleportation (2)
 i - a wand of disintegration (15)
 j - a wand of draining (8)
 G - a wand of paralysis (12)
Comestibles
 v - 15 meat rations
 F - a bread ration
Scrolls
 k - 3 scrolls of teleportation
 m - 4 scrolls of fog
 n - a scroll of magic mapping
 o - 2 scrolls of remove curse
 I - a scroll of torment {!r}
 L - 2 scrolls of fear
Jewellery
 y - an uncursed amulet of clarity
 z - an amulet of stasis (around neck)
 A - a +5 ring of dexterity (left hand)
 B - a ring of regeneration (right hand)
 N - an uncursed ring of magical power
 P - the ring "Iciuboc" {rPois Stlth++}
   (You found it in a labyrinth)

   [ring of poison resistance]

   It protects you from poison.
   It makes you much more stealthy.
 R - an uncursed ring of regeneration
 S - an uncursed ring of sustain abilities
Potions
 l - 4 potions of cancellation
 p - 2 potions of invisibility
 q - 3 potions of flight
 r - a potion of heal wounds
 s - 4 potions of curing
 t - a potion of might
 u - a potion of brilliance
Books
 O - the Compendium of the Volcanoes and Confrontation
   (You found it in a labyrinth)

   Spells                             Type                      Level
   Flame Tongue                       Conjuration/Fire             1
   Throw Flame                        Conjuration/Fire             2
   Sticky Flame                       Conjuration/Fire             4
   Ignite Poison                      Fire/Transmutation           5
   Delayed Fireball                   Conjuration/Fire             7


   Skills:
 + Level 14.1 Fighting
 * Level 14.0 Maces & Flails
 - Level 10.0 Throwing
 - Level 5.3 Dodging
 + Level 6.2 Spellcasting
 - Level 2.1 Hexes
 + Level 7.9 Invocations


You had 11 spell levels left.
You knew the following spells:

 Your Spells              Type           Power        Failure   Level  Hunger
c - Corona                Hex            #......      10%         1    None
d - Repel Missiles        Chrm/Air       #.....       28%         2    ##.....
f - Flight                Chrm/Air       #.........   56%         3    ###....
r - Regeneration          Chrm/Necr      #.........   56%         3    ###....
A - Animate Skeleton      Necr           N/A          17%         1    None
S - Swiftness             Chrm/Air       #.......     28%         2    ##.....


Dungeon Overview and Level Annotations

Branches:
Dungeon (11/15)            Temple (0/1) D:7             Orc (0/4) D:9
   Lair (5/8) D:11
  Swamp: Lair:3-6    Shoals: Lair:3-6     Snake: Lair:3-6    Spider: Lair:3-6

Altars:
Cheibriados
Fedhas
Makhleb
Nemelex Xobeh
Okawaru
Qazlal
Sif Muna
Trog
Vehumet
Xom
The Shining One

Shops:
D:8 [   D:11 }

Portals:
Trove: D:10 (give +3 fire dragon armour)


Innate Abilities, Weirdness & Mutations

You are too large for most types of armour.
You have tough skin (AC +1).


Message History

The blink frog is moderately wounded.
The blink frog hits you. The sheep bites you.
You miss the blink frog.
The blink frog is moderately wounded.
The blink frog barely misses you. The sheep barely misses you.
The blink frog misses you.
A blink frog comes into view.
You sock the blink frog!
The blink frog is almost dead.
The blink frog hits you.
The blink frog blinks!
The sheep closely misses you.
A sheep comes into view.
You miss the blink frog.
The blink frog is almost dead.
The blink frog hits you!
The blink frog blinks!
The sheep bites you. The blink frog barely misses you.
You see here 16 gold pieces.
The sheep bites you.
The blink frog hits you but does no damage.
The sheep bites you.
There is a stone staircase leading up here.
The blink frog hits you!
* * * LOW HITPOINT WARNING * * *
The blink frog blinks!
The blink frog hits you but does no damage.
The sheep bites you.
* * * LOW HITPOINT WARNING * * *
The sheep bites you!
* * * LOW HITPOINT WARNING * * *
You climb upwards.
There is a stone staircase leading down here.
The sheep barely misses you. The blink frog hits you.
* * * LOW HITPOINT WARNING * * *
Throwing (i - inventory. (,) - cycle):
d - 13 large rocks (quivered)
Press: ? - help, Shift-Dir - straight line, f - blink frog
Aim: a blink frog You throw a large rock.
The large rock hits the blink frog!!
The blink frog is severely wounded.
The blink frog hits you!
You die...

...............................##
..................[.............#
...............................##
..................######.#.....#
..................# ####....#
..................# #.....#
..................# #P....#
..................## ##....#
...............Y@..# #....#
...............FY.## ##....#
..............>...# #.....#
..................# ##....#
..................## #....#
...................# #....##
......<...........## #.....#
..................# ##.....#
..................# #.....P#


You could see a blink frog and 2 sheep.

Vanquished Creatures
  A minotaur (Lab)
  The ghost of glosham the Bludgeoner, a powerful OgAM of Trog (D:9)
  5 hydras
  Urug (D:11)
  A black mamba (Lair:2)
  An elephant (D:11)
  Joseph (D:8)
  A torpor snail (Lair:4)
  4 spiny frogs
  Psyche (D:9)
  A komodo dragon (Lair:1)
  A fire drake (Lair:3)
  A minotaur zombie (Lab)
  A trapdoor spider (D:11)
  A wraith (D:11)
  30 yaks
  A deep elf mage (D:9)
  7 hippogriffs
  A hungry ghost (D:8)
  4 porcupines
  4 wolves (Lair:3)
  6 water moccasins
  3 ice beasts
  6 orc warriors
  3 black bears
  An ogre (D:4)
  3 centaurs
  A phantom (D:7)
  A big kobold (D:10)
  A necrophage (D:11)
  Sigmund (D:3)
  4 crocodiles
  A cyclops zombie (D:9)
  7 giant frogs
  A gnoll sergeant (D:8)
  A scorpion (D:5)
  A troll skeleton (D:10)
  An electric eel (Lair:1)
  3 goliath beetles
  4 crimson imps
  3 jellies
  A black bear zombie (D:7)
  A giant frog skeleton (D:4)
  10 iguanas
  Crazy Yiuf (D:2)
  6 orc priests
  An elf skeleton (D:11)
  8 hounds
  6 orc wizards
  2 worker ants (D:6)
  An ogre zombie (D:9)
  2 sheep (D:8)
  A crocodile zombie (D:11)
  3 gnolls (D:8)
  2 orc zombies
  24 green rats
  4 shadow imps
  16 adders
  A giant mite (D:6)
  2 worms (D:3)
  An adder skeleton (D:9)
  8 giant geckos
  2 oozes
  40 orcs
  8 bats
  A bat skeleton (D:6)
  3 giant cockroaches
  11 goblins
  16 hobgoblins
  14 kobolds
  11 quokkas
  A ball python (D:2)
  A giant gecko skeleton (D:5)
  3 giant newts
  A giant newt skeleton (D:4)
  A hobgoblin skeleton (D:5)
  10 jackals
  A quokka zombie (D:8)
  31 rats
  A rat skeleton (D:6)
  2 bushes (Lair:3)
  6 plants
386 creatures vanquished.

Vanquished Creatures (collateral kills)
  A giant newt (D:4)
  3 rats (D:4)
4 creatures vanquished.

Vanquished Creatures (others)
  A fungus (Lair:4)
1 creature vanquished.

Grand Total: 391 creatures vanquished

Notes
Turn   | Place    | Note
--------------------------------------------------------------
     0 | D:1      | glosham, the Ogre Arcane Marksman, began the quest for the Orb.
     0 | D:1      | Reached XP level 1. HP: 19/19 MP: 2/2
   322 | D:1      | Reached skill level 2 in Fighting
   322 | D:1      | Reached XP level 2. HP: 7/28 MP: 0/3
   617 | D:2      | Reached skill level 3 in Throwing
   682 | D:4      | Reached skill level 3 in Fighting
   682 | D:4      | Reached XP level 3. HP: 8/37 MP: 2/4
   708 | D:4      | Reached XP level 4. HP: 8/45 MP: 0/6
   777 | D:4      | HP: 3/45 [crimson imp (3)]
   777 | D:4      | HP: 1/45 [crimson imp (2)]
   781 | D:4      | Reached skill level 4 in Throwing
   836 | D:4      | Found an iron altar of Okawaru.
   844 | D:4      | Became a worshipper of Warmaster Okawaru
  1458 | D:2      | Found a stormy altar of Qazlal.
  1592 | D:2      | Noticed Sigmund
  1640 | D:3      | Reached XP level 5. HP: 54/54 MP: 5/7
  1819 | D:3      | Noticed a moth of wrath
  1822 | D:3      | Found a bloodstained altar of Trog.
  2020 | D:2      | Reached skill level 4 in Fighting
  2198 | D:2      | Noticed Crazy Yiuf
  2214 | D:2      | Killed Crazy Yiuf
  2214 | D:2      | Reached skill level 5 in Throwing
  2655 | D:3      | Found a blossoming altar of Fedhas.
  2986 | D:3      | Reached XP level 6. HP: 54/63 MP: 4/8
  3051 | D:3      | Killed Sigmund
  3051 | D:3      | Reached skill level 6 in Throwing
  3186 | D:4      | Reached skill level 5 in Fighting
  3267 | D:4      | Noticed a black bear
  3275 | D:4      | Killed a black bear
  3275 | D:4      | Reached XP level 7. HP: 66/72 MP: 6/9
  3277 | D:4      | Acquired Okawaru's first power
  3359 | D:4      | Found a glowing golden altar of the Shining One.
  3372 | D:4      | Found a radiant altar of Vehumet.
  3470 | D:5      | Entered Level 5 of the Dungeon
  3576 | D:4      | Found a sparkling altar of Nemelex Xobeh.
  3604 | D:4      | Noticed an ogre
  3611 | D:4      | Killed an ogre
  3611 | D:4      | Reached skill level 7 in Throwing
  3982 | D:5      | Reached skill level 6 in Fighting
  3982 | D:5      | Reached skill level 1 in Maces & Flails
  4307 | D:5      | Found a snail-covered altar of Cheibriados.
  4428 | D:6      | Reached skill level 2 in Maces & Flails
  4605 | D:7      | Found a shimmering altar of Xom.
  4610 | D:7      | Reached skill level 7 in Fighting
  4610 | D:7      | Reached skill level 3 in Maces & Flails
  4610 | D:7      | Reached XP level 8. HP: 54/87 MP: 8/11
  4850 | D:6      | Reached skill level 4 in Maces & Flails
  5288 | D:6      | Reached skill level 8 in Fighting
  5341 | D:7      | Reached skill level 5 in Maces & Flails
  5636 | D:7      | Noticed a spiny frog
  5636 | D:7      | Noticed an elf
  5637 | D:7      | Found a shimmering altar of Xom.
  5637 | D:7      | Found a shimmering altar of Xom.
  5637 | D:7      | Found a shimmering altar of Xom.
  5637 | D:7      | Found a shimmering altar of Xom.
  5637 | D:7      | Noticed a troll
  5637 | D:7      | an elf changed into a troll
  5644 | D:7      | Noticed a baby alligator
  5682 | D:7      | Found a staircase to the Ecumenical Temple.
  5811 | D:7      | Noticed a cyclops
  5811 | D:7      | Noticed a cyclops
  5811 | D:7      | an eye of draining changed into a cyclops
  5894 | D:7      | Noticed a black mamba
  5896 | D:7      | Noticed a yaktaur
  6052 | D:8      | Found a burning altar of Makhleb.
  6230 | D:8      | Reached skill level 6 in Maces & Flails
  6244 | D:8      | Received a gift from Okawaru
  6372 | D:8      | Reached skill level 9 in Fighting
  6372 | D:8      | Reached skill level 8 in Throwing
  6372 | D:8      | Reached skill level 2 in Dodging
  6372 | D:8      | Reached XP level 9. HP: 90/98 MP: 12/12
  6445 | D:8      | Reached skill level 1 in Invocations
  6552 | D:8      | Found Darohuz's Antique Armour Shoppe.
  6561 | D:8      | Bought a runed robe for 21 gold pieces
  6561 | D:8      | Bought a shimmering cloak for 294 gold pieces
  6561 | D:8      | Bought a runed robe for 21 gold pieces
  6572 | D:8      | Identified the cursed -2 cloak "Ximiuco" {Str+1 Int-3} (You bought it in a shop on level 8 of the Dungeon)
  6700 | D:8      | Found a bloodstained altar of Trog.
  6703 | D:8      | Reached skill level 7 in Maces & Flails
  6890 | D:8      | Noticed Joseph
  6902 | D:8      | Killed Joseph
  6902 | D:8      | Reached skill level 2 in Invocations
  7150 | D:9      | Reached skill level 10 in Fighting
  7150 | D:9      | Reached skill level 3 in Dodging
  7268 | D:9      | Reached skill level 8 in Maces & Flails
  7316 | D:9      | Noticed glosham's ghost (powerful OgAM)
  7327 | D:9      | Killed glosham's ghost
  7327 | D:9      | Received a gift from Okawaru
  7327 | D:9      | Reached skill level 3 in Invocations
  7327 | D:9      | Reached XP level 10. HP: 80/111 MP: 11/16
  7382 | D:9      | Reached skill level 9 in Maces & Flails
  7520 | D:9      | Reached skill level 11 in Fighting
  7539 | D:9      | Found a staircase to the Orcish Mines.
  7617 | D:9      | Reached skill level 9 in Throwing
  7659 | D:9      | Acquired Okawaru's second power
  7667 | D:9      | Reached skill level 4 in Dodging
  7677 | D:9      | Reached skill level 4 in Invocations
  7872 | D:10     | Entered Level 10 of the Dungeon
  7924 | D:10     | Found a portal to a secret trove of treasure.
  8326 | D:9      | Noticed Psyche
  8341 | D:9      | Killed Psyche
  8341 | D:9      | Reached skill level 10 in Maces & Flails
  8633 | D:11     | Found a deep blue altar of Sif Muna.
  8671 | D:11     | Noticed Urug
  8680 | D:11     | Noticed an elephant
  8683 | D:11     | Killed Urug
  8689 | D:11     | Killed an elephant
  8689 | D:11     | Reached skill level 12 in Fighting
  8689 | D:11     | Reached XP level 11. HP: 43/123 MP: 17/18
  8698 | D:11     | Received a gift from Okawaru
  8725 | D:11     | Received a gift from Okawaru
  8804 | D:11     | Found a staircase to the Lair.
  8933 | D:11     | Reached skill level 5 in Invocations
  9188 | D:11     | Reached skill level 11 in Maces & Flails
  9233 | D:11     | Found Gugibo's Gadget Shop.
  9251 | D:11     | Bought a wand of teleportation (2) for 198 gold pieces
  9725 | Lair:1   | Entered Level 1 of the Lair of Beasts
  9757 | Lair:1   | Learned a level 3 spell: Flight
  9809 | Lair:1   | Learned a level 1 spell: Animate Skeleton
  9813 | Lair:1   | Learned a level 3 spell: Regeneration
  9862 | Lair:1   | Noticed a four-headed hydra
  9869 | Lair:1   | Killed a four-headed hydra
  9869 | Lair:1   | Reached skill level 5 in Dodging
 10073 | Lair:1   | Reached skill level 2 in Spellcasting
 10394 | Lair:2   | Learned a level 2 spell: Repel Missiles
 10397 | Lair:2   | Learned a level 2 spell: Swiftness
 10515 | Lair:3   | Identified a scroll of acquirement
 10745 | Lair:3   | Reached skill level 10 in Throwing
 10793 | Lair:3   | Noticed an eight-headed hydra
 10802 | Lair:3   | Killed an eight-headed hydra
 10802 | Lair:3   | Received a gift from Okawaru
 10802 | Lair:3   | Reached skill level 13 in Fighting
 10802 | Lair:3   | Reached skill level 12 in Maces & Flails
 10802 | Lair:3   | Reached skill level 3 in Spellcasting
 10802 | Lair:3   | Reached skill level 6 in Invocations
 10860 | Lair:3   | Received a gift from Okawaru
 10954 | Lair:2   | Reached XP level 12. HP: 56/136 MP: 22/22
 11137 | Lair:2   | Received a gift from Okawaru
 11137 | Lair:2   | Reached skill level 4 in Spellcasting
 11417 | Lair:2   | Received a gift from Okawaru
 11717 | Lair:2   | Reached skill level 7 in Invocations
 11898 | Lair:3   | Reached skill level 13 in Maces & Flails
 12087 | Lair:4   | Noticed a five-headed hydra
 12160 | Lair:4   | Killed a five-headed hydra
 12163 | Lair:4   | Reached skill level 5 in Spellcasting
 12288 | Lair:4   | Noticed a five-headed hydra
 12296 | Lair:4   | Killed a five-headed hydra
 12332 | Lair:4   | Found a labyrinth entrance.
 12401 | Lab      | Entered a labyrinth
 12535 | Lab      | Noticed a minotaur
 12541 | Lab      | Killed a minotaur
 12550 | Lab      | Got a pitted ivory ring
 12550 | Lab      | Identified the Compendium of the Volcanoes and Confrontation
 12562 | Lab      | Identified the ring "Iciuboc" {rPois Stlth++} (You found it in a labyrinth)
 12639 | Lair:4   | Reached skill level 14 in Fighting
 12639 | Lair:4   | Reached skill level 6 in Spellcasting
 12704 | Lair:5   | Noticed an eight-headed hydra
 12709 | Lair:5   | Killed an eight-headed hydra
 12709 | Lair:5   | Reached skill level 14 in Maces & Flails
 12725 | Lair:4   | HP: 13/139 [blink frog (6)]
 12726 | Lair:4   | Slain by a blink frog

Action                   |  1- 3 |  4- 6 |  7- 9 | 10-12 || total
-------------------------+-------+-------+-------+-------++-------
Melee: Unarmed           |    35 |       |       |       ||    35
       Hand axe          |    36 |    86 |       |       ||   122
       Quarterstaff      |       |    47 |   288 |   117 ||   452
       Mace              |       |       |    24 |       ||    24
       Giant spiked club |       |       |     7 |   158 ||   165
       Great mace        |       |       |       |   216 ||   216
Throw: Stone             |    33 |    92 |    54 |    33 ||   212
       Throwing net      |     1 |     6 |       |     3 ||    10
       Large rock        |       |     9 |     7 |    16 ||    32
       Javelin           |       |       |     4 |    51 ||    55
       Tomahawk          |       |       |       |    70 ||    70
 Cast: Corona            |    24 |    67 |    54 |   140 ||   285
       Repel Missiles    |       |       |       |     1 ||     1
Invok: Heroism           |       |       |     1 |     2 ||     3
Evoke: Wand              |       |     1 |     4 |     7 ||    12
  Use: Scroll            |     2 |     7 |    15 |    14 ||    38
       Potion            |       |       |       |     2 ||     2
 Stab: Held in net/web   |     1 |       |       |     1 ||     2
       Confused          |       |     1 |       |       ||     1
       Sleeping          |       |       |     1 |       ||     1
       Paralysed         |       |       |     1 |     2 ||     3
       Petrifying        |       |       |       |     1 ||     1
  Eat: Chunk             |       |    11 |    14 |    10 ||    35
       Fruit             |       |       |     2 |    11 ||    13
       Royal jelly       |       |       |       |     2 ||     2
       Beef jerky        |       |       |       |     2 ||     2
       Pizza             |       |       |       |     2 ||     2

Table legend:
 A = Turns spent in this place as a percentage of turns spent in the entire game.
 B = Non-inter-level travel turns spent in this place as a percentage of non-inter-level travel turns spent in the entire game.
 C = Inter-level travel turns spent in this place as a percentage of turns spent in this place.
 D = Turns resting spent in this place as a percentage of non-inter-level travel turns spent in this place.
 E = Turns spent auto-exploring this place as a percentage of non-inter-level travel turns spent in this place.
 F = Non-inter-level travel turns spent in this place divided by the number of levels of this place that you've seen.
                   A       B       C       D       E      F
               +-------+-------+-------+-------+-------+----------------------
         Total | 100.0 | 100.0 |   0.3 |   0.3 |   0.1 | 597.6
       Dungeon |  73.4 |  73.3 |   0.4 |   0.3 |   0.1 | 677.4
          Lair |  24.6 |  24.7 |   0.3 |   0.0 |   0.1 | 501.0
     Labyrinth |   2.0 |   2.0 |   0.0 |   0.0 |   0.0 | 203.0
               +-------+-------+-------+-------+-------+----------------------

Table legend:
 A = Kills in this place as a percentage of kills in entire the game.
 B = Kills by you in this place as a percentage of kills by you in the entire game.
 C = Kills by friends in this place as a percentage of kills by friends in the entire game.
 D = Other kills in this place as a percentage of other kills in the entire game.
 E = Experience gained in this place as a percentage of experience gained in the entire game.
 F = Experience gained in this place divided by the number of levels of this place that you have seen.
                   A       B       C       D       E      F
               +-------+-------+-------+-------+-------+----------------------
         Total | 100.0 | 100.0 | 100.0 |  -nan | 100.0 | 1772.5
       Dungeon |  72.0 |  71.7 | 100.0 |  -nan |  40.9 | 1119.2
          Lair |  27.5 |  27.8 |   0.0 |  -nan |  54.4 | 3280.4
     Labyrinth |   0.5 |   0.5 |   0.0 |  -nan |   4.7 | 1420.0
               +-------+-------+-------+-------+-------+----------------------

Vault maps used:
D:1:      lemuel_arrival_behind_the_door_small, minmay_misc_feat_room
D:2:      grunt_qazlal_sundering, serial_bayou_pond_d, minmay_ruptured,
          uniq_crazy_yiuf_cottage, uniq_sigmund
D:3:      tgw_trog, lemuel_coloured_pillars_altar
D:4:      black_bear_nest_1, nemelex_deck, lemuel_round_altar,
          grunt_temple_overflow_open, first_bread, minmay_rat_hole
D:5:      kennysheep_mini_moat
D:6:      wad_pebble_path
D:7:      minmay_temple_entry_nine_rooms, xom_shifter_show
D:8:      old_standard_altar, serial_shops, shop, trog_butcher_becter,
          uniq_joseph
D:9:      david_orc_4, uniq_psyche
D:10:     nicolae_trove_entry_columns
D:11:     david_lair_generic, serial_shops, nicolae_shop_statue_plus,
          basic_altar, uniq_urug
Lair:1:   serial_bayou_lagoon_b, lemuel_fruit_fields
Lair:2:   serial_bayou_shore_b
Lair:3:   wad_woods_06
Lair:4:   lab_entry_generic
Lair:5:   spider_nest_entry_web_field, grunt_megastairs_4, lemuel_fruit_tree
Lab:      labyrinth_hidden_loot, nicolae_lab_grate
